Map: Interloper LE

Players

Yata

  • Race: Zerg Zerg
  • League: Platinum
  • Spawn Location: 5:00

A.I. 1 (Elite) - Winner!

  • Race: Terran Terran
  • Spawn Location: 11:00

VOD

Have the link to the VOD?

Description

Time

  • Played on: Nov. 4, 2017, 1:29 p.m.
  • Length: 19:16
Show
View Real Time Build Order
Export as new Build Order

Yata Zerg 

Build Orders: Hatch First 

Get SALT Encoding   

  12  0:01  Drone  
  13  0:12  Overlord  
  13  0:18  Drone  
  14  0:31  Drone x2  
  14  0:35  Drone  
  17  0:56  Hatchery, Drone  
  17  1:00  Drone  
  18  1:17  Extractor  
  17  1:19  Spawning Pool  
  17  1:20  Drone  
  17  1:22  Drone  
  18  1:28  Drone  
  19  1:41  Overlord  
  19  1:50  Drone  
  20  2:00  Drone  
  21  2:07  Queen  
  23  2:09  Queen  
  23  2:13  Zergling x4  
  27  2:20  Drone  
  28  2:23  Drone  
  29  2:32  Metabolic Boost  
  29  2:37  Baneling Nest  
  29  2:39  Drone x2  
  29  2:40  Evolution Chamber  
  29  2:48  Drone x2  
  31  2:51  Overlord  
  31  3:00  Drone  
  32  3:11  Drone  
  32  3:12  Drone  
  34  3:16  Drone x2  
  36  3:22  Drone x4  
  36  3:23  Drone x2  
  42  3:31  Pneumatized Carapace  
  41  3:49  Zergling x4  
  41  3:52  Overlord x3  
  43  4:10  Zergling x2  
  43  4:11  Hatchery  
  43  4:12  Zergling x8  
  43  4:13  Zergling x2  
  43  4:16  Baneling x3  
  48  4:19  Queen  
  48  4:23  Drone x2  
  48  4:24  Extractor  
  51  4:33  Baneling  
  51  4:58  Zergling x4  
  51  4:59  Zergling x8  
  57  5:00  Drone  
  57  5:01  Drone x3  
  57  5:03  Baneling x4  
  61  5:07  Queen  
  61  5:12  Lair  
  61  5:33  Baneling x3  
  61  5:39  Drone  
  61  5:40  Drone x6  
  61  5:41  Drone  
  69  6:01  Zerg Melee Weapons Level 1  
  69  6:06  Hatchery  
  69  6:09  Drone x3  
  69  6:10  Drone x3  
  74  6:13  Overlord x4  
  74  6:46  Zergling x12  
  78  6:59  Zergling x2  
  78  7:00  Zergling x18  
  77  7:15  Hydralisk Den  
  76  7:18  Infestation Pit  
  76  7:20  Drone  
  76  7:21  Drone x3  
  79  7:27  Zergling x6  
  82  7:32  Queen  
  82  7:35  Queen  
  82  7:36  Queen  
  88  7:38  Overlord x7  
  88  7:39  Overlord x4  
  88  7:43  Baneling  
  88  7:44  Baneling x6  
  88  7:45  Baneling x5  
  88  7:55  Drone x4  
  92  8:03  Extractor  
  92  8:04  Drone x3  
  94  8:07  Queen  
  96  8:19  Zergling x10  
  88  8:29  Zergling x12  
  88  8:38  Muscular Augments  
  88  8:43  Queen  
  88  8:48  Queen  
  92  8:49  Queen  
  92  8:50  Queen  
  96  8:58  Hydralisk  
  96  8:59  Hydralisk x5  
  96  9:02  Drone x3  
  111  9:04  Zergling x10  
  116  9:19  Hydralisk x3  
  116  9:22  Zergling x10  
  127  9:25  Hatchery  
  126  9:32  Zergling x8  
  125  9:38  Zergling x2  
  125  9:39  Zergling x8  
  109  9:46  Baneling x2  
  109  9:47  Baneling x3  
  103  9:58  Zergling x10  
  103  9:59  Zergling x2  
  102  10:06  Zergling x4  
  102  10:20  Zergling x14  
  102  10:21  Zergling x4  
  111  10:31  Zergling x2  
  111  10:32  Zergling x30  
  111  10:33  Zergling x8  
  131  10:38  Hive, Queen  
  131  10:39  Queen x2  
  131  10:40  Queen  
  139  10:59  Zergling x14  
  139  11:00  Zergling x12  
  139  11:01  Zergling x2  
  151  11:14  Centrifical Hooks  
  151  11:16  Zerg Melee Weapons Level 2  
  151  11:19  Pathogen Glands  
  151  11:27  Zergling x2  
  151  11:28  Zergling x20  
  159  11:43  Drone x11  
  169  11:47  Hydralisk x3  
  169  11:48  Hydralisk x3  
  169  11:52  Zergling x8  
  169  11:53  Zergling x2  
  147  12:01  Ultralisk Cavern  
  147  12:02  Zergling x2  
  147  12:03  Zergling x12  
  129  12:17  Zergling x4  
  129  12:18  Zergling x14  
  129  12:19  Zergling x6  
  138  12:46  Zergling x2, Evolution Chamber  
  138  12:47  Zergling x32  
  138  12:48  Zergling x6  
  138  12:50  Baneling x9  
  138  12:51  Baneling x6  
  157  12:56  Extractor  
  157  12:57  Drone x3  
  157  12:58  Extractor  
  158  13:06  Zergling x2  
  158  13:07  Zergling x16  
  146  13:18  Zergling x22  
  146  13:19  Zergling x6  
  141  13:23  Zergling x4  
  130  13:32  Zerg Ground Armor Level 1  
  130  13:33  Zerg Melee Weapons Level 3  
  124  13:37  Zergling x2  
  124  13:38  Zergling x14  
  132  13:49  Hydralisk x4  
  132  13:50  Hydralisk  
  142  13:56  Zergling x4  
  142  13:57  Zergling x8  
  142  14:00  Zergling x2  
  149  14:11  Hydralisk  
  149  14:12  Hydralisk x4  
  149  14:15  Zergling x2  
  149  14:16  Zergling x10  
  165  14:43  Baneling x6  
  165  14:44  Baneling x6  
  165  14:45  Hatchery  
  164  14:47  Extractor, Drone x3  
  158  15:01  Adrenal Glands  
  140  15:24  Ultralisk Cavern  
  106  15:29  Zergling x2  
  106  15:30  Zergling x42  
  106  15:31  Zergling x18  
  133  15:47  Zergling x2  
  133  15:48  Zergling x18  
  143  15:51  Baneling x13  
  143  15:54  Zergling x4  
  143  15:55  Zergling x2  
  146  16:02  Hydralisk  
  146  16:03  Hydralisk x2  
  146  16:22  Zergling x8  
  146  16:23  Zergling x28  
  121  16:40  Zergling x18  
  121  16:41  Zergling x4  
  121  16:45  Zergling x2  
  121  16:46  Zergling x2  
  109  16:54  Queen  
  109  16:59  Chitinous Plating  
  103  17:03  Zergling x8  
  103  17:04  Zergling x14  
  103  17:08  Baneling x7  
  106  17:17  Baneling x5  
  106  17:26  Zergling x2, Hydralisk x7  
  106  17:27  Hydralisk x5  
  129  17:30  Queen  
  129  17:32  Zergling x4  
  129  17:33  Zergling x12  
  115  17:57  Overlord x5  
  115  18:00  Zergling x2  
  115  18:01  Zergling x28  
  130  18:05  Queen  
  132  18:21  Hatchery  
  132  18:23  Ultralisk x2  
  132  18:26  Baneling  
  132  18:27  Baneling x4  
  143  18:29  Hatchery x2  
  143  18:31  Hatchery  
  137  18:38  Zergling x2  
  137  18:39  Zergling x28  
Show
View Real Time Build Order
Export as new Build Order

A.I. 1 (Elite) Terran - Winner!

Build Orders: MMM Bio 

Get SALT Encoding   

  12  0:00  SCV  
  13  0:13  SCV  
  14  0:19  Supply Depot  
  14  0:25  SCV  
  15  0:40  SCV  
  16  0:43  Barracks  
  16  0:52  SCV  
  17  1:04  SCV  
  18  1:11  Refinery  
  18  1:14  Supply Depot  
  18  1:16  SCV  
  19  1:28  SCV  
  19  1:29  Marine  
  21  1:43  Command Center  
  21  2:07  Barracks  
  21  2:09  SCV  
  21  2:12  Marine  
  21  2:14  Factory  
  23  2:21  SCV  
  24  2:26  Supply Depot  
  24  2:31  Marine  
  24  2:33  SCV  
  26  2:45  SCV  
  26  2:49  Marine  
  28  2:56  Orbital Command  
  28  2:57  SCV  
  29  3:01  Factory Tech Lab  
  29  3:05  Refinery  
  29  3:12  Orbital Command  
  29  3:15  Marine  
  29  3:18  Marine  
  31  3:23  SCV  
  32  3:33  Marine  
  33  3:36  Marine, SCV  
  33  3:38  SCV  
  36  3:46  Barracks  
  36  3:48  SCV  
  37  3:50  SCV  
  37  3:51  Marine  
  37  3:54  Barracks Tech Lab  
  39  3:59  Starport  
  39  4:00  SCV  
  39  4:02  SCV  
  41  4:09  Barracks Tech Lab  
  40  4:12  Marine, SCV  
  40  4:14  SCV, Stimpack  
  43  4:23  Supply Depot  
  43  4:24  SCV  
  43  4:26  SCV  
  43  4:27  Combat Shields, Marine  
  43  4:30  Marine  
  47  4:33  Marine  
  47  4:36  Medivac, SCV  
  51  4:38  SCV  
  51  4:45  Marine  
  52  4:47  Supply Depot  
  52  4:48  SCV, Marine  
  52  4:51  Marine, SCV  
  52  4:52  Supply Depot  
  57  5:00  SCV  
  57  5:03  Marine, SCV  
  57  5:06  Marauder  
  62  5:09  Refinery  
  62  5:12  SCV  
  63  5:15  Refinery, SCV  
  65  5:21  Marauder  
  65  5:23  Engineering Bay  
  65  5:24  SCV  
  65  5:27  SCV  
  63  5:32  Marauder  
  65  5:40  SCV  
  65  5:42  SCV  
  69  5:43  Marauder  
  69  5:51  Terran Infantry Weapons Level 1  
  69  5:52  SCV  
  69  5:53  Marauder  
  69  5:54  SCV  
  69  5:55  Supply Depot  
  76  6:04  SCV, Marauder  
  76  6:06  SCV  
  77  6:16  SCV  
  77  6:17  Marauder  
  80  6:19  Supply Depot, SCV  
  83  6:25  Marauder  
  83  6:27  Concussive Shells  
  83  6:28  SCV  
  83  6:30  Barracks Reactor, Engineering Bay  
  84  6:33  SCV  
  84  6:38  Marauder  
  86  6:40  SCV  
  86  6:41  Hellion  
  86  6:44  Supply Depot  
  86  6:45  SCV  
  89  6:52  SCV  
  88  6:55  Command Center  
  88  7:02  Hellion  
  88  7:05  Terran Infantry Armor Level 1  
  89  7:16  Supply Depot, SCV  
  89  7:18  SCV  
  89  7:20  Marauder  
  93  7:23  Hellion  
  93  7:28  Missile Turret  
  95  7:30  Missile Turret  
  95  7:37  Starport Reactor, Barracks  
  95  7:41  Supply Depot  
  95  7:45  Siege Tank  
  100  7:51  Marauder  
  100  7:54  Marauder  
  102  8:01  Missile Turret  
  102  8:08  Supply Depot, SCV x2  
  102  8:10  SCV  
  105  8:13  Medivac  
  105  8:17  Siege Tank  
  110  8:20  SCV  
  110  8:21  SCV  
  110  8:22  SCV  
  110  8:26  Marine  
  110  8:27  Marauder  
  93  8:32  SCV  
  93  8:33  SCV  
  96  8:34  SCV  
  96  8:44  SCV, Marine x2, Marauder  
  96  8:45  SCV  
  96  8:46  SCV  
  96  8:48  Widow Mine, Marauder  
  105  8:55  Command Center  
  107  8:56  SCV  
  108  9:03  SCV  
  108  9:05  Marauder  
  108  9:08  Armory  
  111  9:14  Orbital Command  
  111  9:17  Siege Tank  
  111  9:18  Missile Turret  
  114  9:24  Marine  
  114  9:25  Marine, Missile Turret  
  114  9:28  Marauder  
  118  9:32  Marine  
  118  9:37  Supply Depot  
  118  9:42  Marine  
  118  9:43  Marine, Marauder  
  112  9:49  Marine  
  112  9:50  Marine, Hellion  
  116  9:54  Missile Turret  
  116  9:55  Terran Infantry Weapons Level 2  
  116  9:59  Marine  
  103  10:01  Marine  
  103  10:04  Medivac, Marauder  
  96  10:07  Marine, SCV  
  96  10:08  SCV  
  96  10:09  SCV  
  96  10:10  SCV  
  96  10:11  Hellion  
  96  10:12  Marine  
  102  10:19  SCV, Marine  
  102  10:21  Marine, SCV, Planetary Fortress, Missile Turret  
  105  10:25  SCV, Marauder x2  
  110  10:29  Marine  
  110  10:32  Hellion  
  110  10:34  SCV, Missile Turret  
  113  10:37  Marine  
  113  10:38  SCV  
  113  10:39  Marine  
  113  10:41  SCV  
  115  10:47  Marauder  
  115  10:48  Marauder  
  119  10:51  Terran Infantry Armor Level 2  
  119  10:52  Marine  
  119  10:53  Siege Tank  
  119  10:55  Marine  
  122  10:57  Marine  
  122  11:02  SCV  
  118  11:08  Marine  
  118  11:09  Marine  
  118  11:10  Marine, Missile Turret  
  120  11:12  Marine  
  120  11:15  Marine  
  122  11:19  Refinery  
  122  11:20  SCV  
  122  11:21  Refinery  
  121  11:25  Marine  
  121  11:26  Factory, Marine, Hellion  
  121  11:27  SCV  
  121  11:28  Marine  
  121  11:30  Marine  
  121  11:31  SCV, Command Center  
  118  11:33  Marine  
  116  11:40  Armory  
  116  11:41  Terran Vehicle Weapons Level 1  
  116  11:44  Marauder  
  116  11:45  Marauder  
  116  11:46  Marine  
  121  11:47  Hellion  
  121  11:48  Marine  
  121  11:52  Marine, SCV  
  122  11:55  SCV  
  122  12:00  Medivac  
  125  12:03  Marine, SCV  
  125  12:04  SCV  
  125  12:05  Supply Depot, Marauder  
  125  12:06  Marauder  
  125  12:07  SCV  
  125  12:08  Widow Mine  
  117  12:09  Hellion  
  117  12:14  Command Center, Terran Infantry Weapons Level 3  
  117  12:15  Marine, SCV  
  123  12:18  Marine  
  123  12:19  SCV, Missile Turret  
  123  12:21  Marine, SCV  
  126  12:27  Viking, Marine, SCV, Marauder  
  130  12:30  Supply Depot  
  130  12:31  SCV, Hellion  
  130  12:33  Marine  
  130  12:35  Marine  
  135  12:37  Hellion  
  135  12:38  Viking  
  135  12:39  Marine  
  135  12:42  Planetary Fortress  
  140  12:45  Marine  
  140  12:48  Missile Turret, Marauder  
  140  12:50  Marine  
  144  12:52  Hellion, Missile Turret  
  146  12:59  Hellion  
  146  13:02  Fusion Core  
  146  13:03  Marauder  
  150  13:09  Marauder  
  150  13:11  Supply Depot  
  150  13:12  Terran Vehicle And Ship Armor Level 1  
  152  13:13  Hellion  
  152  13:17  SCV  
  152  13:18  Infernal Pre-Igniter  
  152  13:19  Marine x2  
  145  13:20  Hellion  
  145  13:22  Marine  
  145  13:25  Marauder  
  130  13:29  Planetary Fortress  
  130  13:30  Marine  
  119  13:35  Missile Turret, Medivac, Hellion  
  119  13:37  Medivac, Marine x2  
  119  13:40  Marine  
  120  13:46  Marauder  
  122  13:48  Marauder  
  122  13:54  Marine  
  125  13:56  Marine  
  125  13:59  Terran Infantry Armor Level 3  
  126  14:05  Medivac, Marine  
  126  14:07  Marauder  
  126  14:09  Marine  
  131  14:12  Marine  
  131  14:14  Refinery, Marine  
  131  14:15  Refinery  
  131  14:16  Refinery  
  134  14:23  Marine  
  135  14:28  Marine, Marauder  
  135  14:30  Marine  
  139  14:31  Refinery, Command Center  
  139  14:32  Marine  
  140  14:41  Terran Vehicle Weapons Level 2  
  140  14:43  Marine  
  140  14:45  Missile Turret  
  141  14:47  Marauder  
  141  14:48  Missile Turret  
  141  14:49  Hellion, Marauder  
  141  14:50  Hellion  
  141  14:52  Marine x2, Missile Turret  
  150  14:56  Starport  
  151  15:01  Supply Depot  
  141  15:08  Marauder  
  141  15:11  Factory Tech Lab, Siege Tank  
  138  15:15  Hi-Sec Auto Tracking, SCV  
  138  15:16  SCV  
  138  15:18  SCV  
  138  15:19  SCV  
  137  15:27  SCV  
  137  15:28  SCV  
  131  15:29  Siege Tank  
  131  15:30  SCV  
  131  15:32  SCV  
  136  15:39  SCV  
  136  15:40  SCV  
  136  15:42  SCV, Missile Turret  
  139  15:43  Siege Tank  
  139  15:44  SCV  
  139  15:45  SCV  
  144  15:51  Starport Tech Lab, Command Center  
  144  15:52  SCV x2  
  144  15:54  SCV  
  144  15:56  SCV, Missile Turret  
  147  15:57  SCV  
  147  16:00  Missile Turret  
  147  16:01  Hellion  
  147  16:04  SCV  
  151  16:07  Missile Turret  
  151  16:12  High Capacity Fuel Tanks, Battlecruiser, Planetary Fortress, Missile Turret  
  151  16:15  Hellion  
  159  16:21  Marine x3  
  159  16:22  Marine  
  159  16:23  Hellion  
  133  16:26  Marine  
  133  16:34  Missile Turret  
  133  16:36  Hellion  
  133  16:38  Marine  
  133  16:39  Marine, Marauder  
  139  16:40  Building Armor  
  139  16:41  Barracks, Marine  
  139  16:44  Barracks Tech Lab, Hellion  
  139  16:47  Ghost Academy  
  139  16:52  Viking  
  141  16:56  Viking, Marine  
  141  16:57  Marine  
  141  17:01  Marauder  
  147  17:03  Marauder  
  147  17:07  Planetary Fortress  
  149  17:10  Marine  
  149  17:14  Marine  
  149  17:15  Marauder  
  152  17:16  Raven, SCV  
  152  17:22  Marauder  
  157  17:24  Marine  
  157  17:28  Marine  
  157  17:29  Medivac, Hellion  
  163  17:30  Hellion  
  163  17:35  Ghost, Marine x2  
  140  17:42  Marine  
  140  17:43  Marauder  
  141  17:45  Marine  
  141  17:46  Viking  
  141  17:50  Hellion  
  146  17:53  Marine  
  146  17:55  Command Center  
  146  17:58  Marine  
  148  17:59  Viking  
  148  18:00  Marauder, Battlecruiser  
  148  18:04  Ghost, Marine  
  161  18:06  Marine  
  161  18:11  Liberator, Marine  
  163  18:16  Viking, Marine  
  166  18:21  Marauder  
  166  18:22  Marine  
  166  18:24  Marine  
  170  18:28  Marine  
  170  18:33  Marauder  
  176  18:37  Hellion x2  
  176  18:40  Marauder  
  182  18:42  Ghost  
  182  18:45  Marine  
  182  18:46  Marine  
  174  18:54  Marine  
  174  18:55  Marauder  
  173  18:56  Missile Turret  
Tags
 
Composition
MMM Bio
League
Platinum
Matchup
TvZ
Replay Pack
Pack 1
Spawn Locations
Cross Positions
Add a new tag
Caveats
  • Supply blocks, unpowered buildings, or Contaminate may cause inaccurate times.
  • Supply counts are checked every 10 seconds.